 Dungeon Crawl Stone Soup version 0.31-a0-516-gfcb59812bd (webtiles) character file.

Game seed: 3199190738515500772

422 AdnanSaban the Cudgeller (level 6, -2/39 HPs)
             Began as a Gargoyle Fighter on Aug 10, 2023.
             Splashed by a jelly's acid (11 damage)
             ... on level 4 of the Dungeon.
             The game lasted 00:03:09 (3193 turns).

AdnanSaban the Cudgeller (Gargoyle Fighter)         Turns: 3193, Time: 00:03:10

Health: -2/39      AC: -4    Str: 22    XL:     6   Next: 95%
Magic:  6/6        EV:  8    Int:  8    God:
Gold:   203        SH:  4    Dex:  9    Spells: 5/5 levels left

rFire   . . .        m - +0 whip (venom)
rCold   . . .        c - +0 buckler
rNeg    + . .        g - +0 chain mail
rPois   ∞            n - +0 helmet
rElec   +            (no cloak)
rCorr   .            (no gloves)
SInv    +            (no boots)
Will    .....        (no amulet) Stlth
                     i - ring of see invisible
HPRegen 0.26/turn    (no ring)
MPRegen 0.10/turn

%: no passive effects
@: corroded
A: sickness immunity, AC +4, negative energy resistance 1, electricity
resistance, torment resistance 1, petrification resistance
a: no special abilities


You were on level 4 of the Dungeon.
You visited 1 branch of the dungeon, and saw 4 of its levels.

You collected 203 gold pieces.

Inventory:

Hand Weapons
 m - a +0 whip of venom (weapon)
Missiles
 f - 11 poisoned darts
 u - 2 throwing nets
Armour
 c - a +0 buckler (worn)
 g - a +0 chain mail (worn)
 n - a +0 helmet (worn)
Jewellery
 i - a ring of see invisible (left hand)
 v - a ring of fire
Scrolls
 a - a scroll of poison {unknown}
 b - a scroll of immolation {unknown}
 e - 4 scrolls of identify {unknown}
 j - 2 scrolls of teleportation {unknown}
 k - 3 scrolls of vulnerability {unknown}
 o - a scroll of enchant armour {unknown}
 p - a scroll of noise {unknown}
 r - 4 scrolls of revelation {unknown}
 s - a scroll of brand weapon {unknown}
Potions
 d - 2 potions of might
 h - 2 potions of lignification {unknown}
 l - a potion of mutation {unknown}
 q - 2 potions of curing {unknown}


   Skills:
 + Level 4.3 Fighting
 + Level 4.9 Maces & Flails
 + Level 4.7 Armour
 + Level 1.1 Dodging
 + Level 0.3 Stealth
 + Level 4.3 Shields


You had 5 spell levels left.
You didn't know any spells.
Your spell library contained the following spells:

 Spells                   Type           Power      Damage    Failure   Level
 Summon Small Mammal      Summ           0%         N/A       97%         1
 Call Canine Familiar     Summ           0%         N/A       100%        3
 Summon Guardian Golem    Hex/Summ       0%         N/A       100%        3


Dungeon Overview and Level Annotations

Branches:
Dungeon (4/15)
 Temple: D:4-7

Altars:
Hepliaklqana
Qazlal
Ru
Zin


Innate Abilities, Weirdness & Mutations

You are immune to sickness and miasma.
Your stone body is resilient. (AC +4)
You are immune to poison.
You resist negative energy. (rN+)
You are resistant to electric shocks. (rElec)
You are resistant to unholy torment.
You are immune to petrification.


Message History

The jelly is lightly wounded.
The jelly barely misses you.
You hit the jelly but do no damage. The acid corrodes you!
Your hands burn!
The jelly is lightly wounded.
The jelly hits you.
You are splashed with acid!
You are too injured to fight recklessly!
You are too injured to fight recklessly!
You are too injured to fight recklessly!
You are too injured to fight recklessly!
You are too injured to fight recklessly!
You are too injured to fight recklessly!
You are too injured to fight recklessly!
You are too injured to fight recklessly!
You are too injured to fight recklessly!
You are too injured to fight recklessly!
You are too injured to fight recklessly!
You are too injured to fight recklessly!
You are too injured to fight recklessly!
You are too injured to fight recklessly!
You are too injured to fight recklessly!
You are too injured to fight recklessly!
You hit the jelly but do no damage.
Your hands burn!
The jelly is lightly wounded.
The jelly completely misses you.
You hit the jelly but do no damage.
Your hands burn!
* * * LOW HITPOINT WARNING * * *
The jelly is lightly wounded.
You barely miss the jelly.
The jelly is lightly wounded.
You block the jelly's attack.
You hit the jelly but do no damage.
The jelly is poisoned.
The acid corrodes you!
Your hands burn!
* * * LOW HITPOINT WARNING * * *
The jelly is lightly wounded.
The jelly closely misses you. The jelly attacks as you move away!
You block the jelly's attack. The jelly attacks as you move away!
The jelly hits you.
* * * LOW HITPOINT WARNING * * *
The acid corrodes you!
You are splashed with acid!
You die...

##.# ####...##.......##
# ...#
#......##......... #
#..# #.#######.........
# #..# ##.# ####..######
### #..#
###..#####.#.#### ## ...
#..# #...###.....#...##
.. ...# #..#
####.#......#....#.#
...#
#..###.....#..[..#.....#
## #
###.#......#....@J#....#
#
†....#.....#.....###...#
... .....#......#.###.
.###.# .. .....#.....###
..# ## . ......#.###.#
..# .....###. ..# ...#
#.###.# .. ..# ..... ##.
..#.. ..## .. ..#


You could see a jelly (poisoned).

Vanquished Creatures
  An ogre (D:4)
  2 kobold brigands (D:3)
  A gnoll bouda (D:4)
  Robin (D:2)
  5 gnolls (D:4)
  3 adders
  An ufetubus (D:2)
  2 worms (D:3)
  A dart slug (D:2)
  7 bats
  9 endoplasms
  4 giant cockroaches
  14 goblins
  4 hobgoblins
  3 jackals (D:2)
  15 kobolds
  2 quokkas (D:2)
  6 ball pythons
  4 frilled lizards
  5 rats
90 creatures vanquished.

Notes
Turn   | Place    | Note
-------+----------+-------------------------------------------
     0 | D:1      | AdnanSaban the Gargoyle Fighter began the quest for the
                  | Orb.
     0 | D:1      | Reached XP level 1. HP: 14/14 MP: 1/1
   139 | D:1      | Reached XP level 2. HP: 19/19 MP: 2/2
   879 | D:2      | Found a faded altar of an unknown god.
   926 | D:2      | Reached XP level 3. HP: 23/23 MP: 3/3
  1445 | D:2      | Noticed Robin
  1463 | D:2      | Reached XP level 4. HP: 10/29 MP: 4/4
  1473 | D:2      | HP: 1/29 [Robin/+0 whip (3)]
  1479 | D:2      | Killed Robin
  2024 | D:3      | Found a sacrificial altar of Ru.
  2024 | D:3      | Found a stormy altar of Qazlal.
  2046 | D:3      | Found a glowing silver altar of Zin.
  2357 | D:3      | Noticed a kobold brigand
  2362 | D:3      | Noticed a kobold brigand
  2377 | D:3      | Killed a kobold brigand
  2378 | D:3      | Reached XP level 5. HP: 3/33 MP: 5/5
  2551 | D:3      | Killed a kobold brigand
  2552 | D:3      | Reached skill level 1 in Dodging
  2552 | D:3      | Reached XP level 6. HP: 31/38 MP: 6/6
  2715 | D:3      | Found a hazy altar of Hepliaklqana.
  3193 | D:4      | Splashed by a jelly's acid

Illustrated notes

Levels and vault maps discovered:
D:1:      lemuel_arrival_broad_hall, layout_loops_cross, nicolae_eternal_life,
          minmay_cupped
D:2:      layout_basic, ebering_ecumenical_altar_mist, minmay_curled_crystal,
          minmay_fractal_squares_gapless_5, uniq_robin
D:3:      cheibrodos_thug_alley, layout_basic, nicolae_overflow_two_pavilions,
          zin_treasury, nicolae_hepliaklqana_hippocampus
D:4:      nicolae_BIG_FREAKIN_CUBE, layout_basic

Skill      XL: |  1  2  3  4  5 |
---------------+----------------+-----
Maces & Flails | 3 4 |  4.9
Fighting       | 4 |  4.3
Armour         | 4 |  4.7
Shields        | 4 |  4.3
Dodging        | 1 |  1.1
Stealth        | |  0.3

Action                     |  1- 3 |  4- 6 || total
---------------------------+-------+-------++-------
  Melee: Flail             |    96 |       ||    96
         Whip              |    46 |   177 ||   223
 Armour: Scale mail        |    13 |       ||    13
         Chain mail        |    89 |   110 ||   199
  Dodge: Dodged            |    59 |    70 ||   129
  Block: Buckler           |    27 |    39 ||    66

Table legend: (Time is in decaauts)
 A = Elapsed time spent in this place.
 B = Non-inter-level travel time spent in this place.
 C = Inter-level travel time spent in this place.
 D = Time resting spent in this place.
 E = Time spent auto-exploring this place.
 F = Levels seen in this place.
 G = Mean time per level.
                   A        B        C        D        E       F      G
               +--------+--------+--------+--------+--------+-----+--------+
         Total |   3213 |   3102 |    111 |     64 |   2365 |   4 |  803.2 |
       Dungeon |   3213 |   3102 |    111 |     64 |   2365 |   4 |  803.2 |
               +--------+--------+--------+--------+--------+-----+--------+

Top non-repeatable levels by time:
     D:2: 1088 daAuts
     D:3: 880 daAuts
     D:1: 827 daAuts
     D:4: 417 daAuts
